Workbook

Sheet WACC
A1: Equity | B1: ='DCF Model'!D10*68485.35 -> 2305490.8
A2: Debt | B2: ='DCF Model'!D14 -> 1220903.7
A3: Equity Weight | B3: =B1/(B1+B2) -> 0.65378131
A4: Debt Weight | B4: =B2/(B2+B1) -> 0.34621869
A5: Market Risk Premium | B5: 0.06
A6: Beta | B6: 0.63 | C6: Less volatile than the market
A7: Risk free rate | B7: 0.02636 | C7: 10year German government bond
A8: Cost of equity | B8: =B7+B6*B5 -> 0.06416 | C8: CAPM
A9: Interest Expenses | B9: 63536.1
A10: Cost of debt | B10: =B9/B2 -> 0.052040223
A11: Corporate Tax Rate | B11: =23.5% -> 0.235
A12: WACC | B12: =B3*B8+B4*B10*(1-B11) -> 0.055729842

Sheet Forecasts
A1: EBIT Forecast
A2: Item | B2: 2024A | C2: 2025E | D2: 2026E | E2: 2027E | F2: 2028E | G2: 2029E
A3: Revenue [tEUR Dec 2024] | B3: 2807772.7 | C3: =B3*(1+$B$6) -> 2977469.5 | D3: =C3*(1+$B$6) -> 3157422.5 | E3: =D3*(1+$B$6) -> 3348251.5 | F3: =E3*(1+$B$6) -> 3550613.8 | G3: =F3*(1+$B$6) -> 3765206.6
A4: EBIT Margin % | B4: =B5/B3 -> 0.11392156 | C4: =B4+$B$7 -> 0.11692156 | D4: =C4+$B$7 -> 0.11992156 | E4: =D4+$B$7 -> 0.12292156 | F4: =E4+$B$7 -> 0.12592156 | G4: =F4+$B$7 -> 0.12892156
A5: EBIT [tEUR Dec 2024] | B5: 319865.84 | C5: =(C3*C4) -> 348130.37 | D5: =(D3*D4) -> 378643.02 | E5: =(E3*E4) -> 411572.28 | F5: =(F3*F4) -> 447098.82 | G5: =(G3*G4) -> 485416.3
A6: Revenue Growth | B6: =(F12/E12) -1 -> 0.06043822 | C6: Revenue Growth over 2023 [2024 Annual Report]
A7: Annual Margin Expansion | B7: 0.003 | C7: inflation spikes
A8: Note: Colour Means Assumed
A10: D&A Forecast: Assume Stable Growth
A11: Year | B11: 2020A | C11: 2021A | D11: 2022A | E11: 2023A | F11: 2024A | G11: 2025E | H11: 2026E | I11: 2027E | J11: 2028E | K11: 2029E
A12: Revenue [tEUR] | B12: 1735189.2 | C12: 1819121.7 | D12: 2334891.5 | E12: 2647747.6 | F12: =B3 -> 2807772.7 | G12: =C3 -> 2977469.5 | H12: =D3 -> 3157422.5 | I12: =E3 -> 3348251.5 | J12: =F3 -> 3550613.8 | K12: =G3 -> 3765206.6 | L12: Stable
A13: Capex [tEUR] | B13: 93524.79 | C13: 107175.35 | D13: 131525 | E13: 180500.99 | F13: 153568.81 | G13: =F13*$B$15 -> 98592.99 | H13: =G13*$B$15 -> 63297.864 | I13: =H13*$B$15 -> 40637.977 | J13: =I13*$B$15 -> 26090.061 | K13: =J13*$B$15 -> 16750.127 | L13: Stable
A14: Total D&A [tEUR] | B14: 172476.68 | C14: 166573.73 | D14: 198025.36 | E14: 230860.49 | F14: 250598.47 | G14: =F14*$B$16 -> 113506.37 | H14: =G14*$B$16 -> 51411.706 | I14: =H14*$B$16 -> 23286.479 | J14: =I14*$B$16 -> 10547.405 | K14: =J14*$B$16 -> 4777.354
A15: Avg_Capex Growth rate | B15: =(F13/B13) -1 -> 0.64201181 | C15: Historical Growth Rate
A16: Avg_D&A Growth rate | B16: =(F14/B14) -1 -> 0.45294117 | C16: Historical Growth Rate
A19: NWC Forecast
A20: Year | B20: 2020A | C20: 2021A | D20: 2022A | E20: 2023A | F20: 2024A | G20: 2025E | H20: 2026E | I20: 2027E | J20: 2028E | K20: 2029E
A21: Current Assets
A22: Acounts Recievable [tEUR] | B22: 218890.03 | C22: 261199.5 | D22: 297207.48 | E22: 303885.24 | F22: 306858.51 | G22: =(F23/365)*G31 -> 325404.49 | H22: =(G23/365)*H31 -> 345071.36 | I22: =(H23/365)*I31 -> 365926.86 | J22: =(I23/365)*J31 -> 388042.83 | K22: =(J23/365)*K31 -> 411495.44
A23: Acounts Recievable Days | B23: =(B22/B31)*365 -> 46.043891 | C23: =(C22/C31)*365 -> 52.408709 | D23: =(D22/D31)*365 -> 46.460716 | E23: =(E22/E31)*365 -> 41.891498 | F23: =(F22/F31)*365 -> 39.890464 | G23: =(G22/G31)*365 -> 39.890464 | H23: =(H22/H31)*365 -> 39.890464 | I23: =(I22/I31)*365 -> 39.890464 | ... K23: =(K22/K31)*365 -> 39.890464
A24: Inventory [tEUR] | B24: - | C24: - | D24: 8437.78 | E24: 45789.69 | F24: 36742.73 | G24: =(F25/365)*G32 -> 36623.124 | H24: =(G25/365)*H32 -> 36503.908 | I24: =(H25/365)*I32 -> 36385.079 | J24: =(I25/365)*J32 -> 36266.638 | K24: =(J25/365)*K32 -> 36148.582
A25: Inventory Days | B25: - | C25: - | D25: =(D24/D32)*365 -> 1.8505924 | E25: =(E24/E32)*365 -> 8.6758655 | F25: =(F24/F32)*365 -> 6.9844556 | G25: =(G24/G32)*365 -> 6.9844556 | H25: =(H24/H32)*365 -> 6.9844556 | I25: =(I24/I32)*365 -> 6.9844556 | J25: =(J24/J32)*365 -> 6.9844556 | K25: =(K24/K32)*365 -> 6.9844556
A26: Total Current Assets [tEUR] | B26: =SUM(B22,B24) -> 218890.03 | C26: =SUM(C22,C24) -> 261199.5 | D26: =SUM(D22,D24) -> 305645.26 | E26: =SUM(E22,E24) -> 349674.93 | F26: =SUM(F22,F24) -> 343601.24 | G26: =SUM(G22,G24) -> 362027.62 | H26: =SUM(H22,H24) -> 381575.27 | I26: =SUM(I22,I24) -> 402311.94 | ... K26: =SUM(K22,K24) -> 447644.03
A27: Current Liabilities
A28: Acounts Payable [tEUR] | B28: 59724.43 | C28: 66807.17 | D28: 77106.99 | E28: 77365.69 | F28: 74183.66 | G28: =(F29/365)*G32 -> 73942.176 | H28: =(G29/365)*H32 -> 73701.477 | I28: =(H29/365)*I32 -> 73461.563 | J28: =(I29/365)*J32 -> 73222.429 | K28: =(J29/365)*K32 -> 72984.074
A29: Acounts Payable Days | B29: =(B28/B32)*365 -> 15.626116 | C29: =(C28/C32)*365 -> 17.302995 | D29: =(D28/D32)*365 -> 16.911274 | E29: =(E28/E32)*365 -> 14.658634 | F29: =(F28/F32)*365 -> 14.101633 | G29: =(G28/G32)*365 -> 14.101633 | H29: =(H28/H32)*365 -> 14.101633 | I29: =(I28/I32)*365 -> 14.101633 | ... K29: =(K28/K32)*365 -> 14.101633
A30: Total Current Liabilities [tEUR] | B30: =SUM(B28) -> 59724.43 | C30: =SUM(C28) -> 66807.17 | D30: =SUM(D28) -> 77106.99 | E30: =SUM(E28) -> 77365.69 | F30: =SUM(F28) -> 74183.66 | G30: =SUM(G28) -> 73942.176 | H30: =SUM(H28) -> 73701.477 | I30: =SUM(I28) -> 73461.563 | ... K30: =SUM(K28) -> 72984.074
A31: Revenue [tEUR] | B31: =B12 -> 1735189.2 | C31: =C12 -> 1819121.7 | D31: =D12 -> 2334891.5 | E31: =E12 -> 2647747.6 | F31: =F12 -> 2807772.7 | G31: =C3 -> 2977469.5 | H31: =D3 -> 3157422.5 | I31: =E3 -> 3348251.5 | J31: =F3 -> 3550613.8 | K31: =G3 -> 3765206.6
A32: COGS [tEUR] | B32: 1395063.1 | C32: 1409271.4 | D32: 1664218.3 | E32: 1926405.7 | F32: 1920134.8 | G32: =F32*(1+$B$36) -> 1913884.4 | H32: =G32*(1+$B$36) -> 1907654.2 | I32: =H32*(1+$B$36) -> 1901444.4 | J32: =I32*(1+$B$36) -> 1895254.8 | K32: =J32*(1+$B$36) -> 1889085.3
A33: NWC [tEUR] | B33: =B26-B30 -> 159165.6 | C33: =C26-C30 -> 194392.33 | D33: =D26-D30 -> 228538.27 | E33: =E26-E30 -> 272309.24 | F33: =F26-F30 -> 269417.58 | G33: =G26-G30 -> 288085.44 | H33: =H26-H30 -> 307873.79 | I33: =I26-I30 -> 328850.38 | ... K33: =K26-K30 -> 374659.95
A34: Change in NWC | B34: _ | C34: =C33-B33 -> 35226.73 | D34: =D33-C33 -> 34145.94 | E34: =E33-D33 -> 43770.97 | F34: =F33-E33 -> -2891.66 | G34: =G33-F33 -> 18667.861 | H34: =H33-G33 -> 19788.35 | I34: =I33-H33 -> 20976.585 | J34: =J33-I33 -> 22236.66 | K34: =K33-J33 -> 23572.917
A35: Revenue Growth | B35: =B6 -> 0.06043822 | C35: Revenue Growth over 2023 [2024 Annual Report]
A36: COGS Growth | B36: =((F32-E32)/E32) -> -0.0032552229 | C36: COGS Growth over 2023 [2024 Annual Report]

Sheet DCF Model
B1: DCF Model
B3: Assumptions | E3: Rational
B4: Tax Rate | D4: 0.235 | E4: Average of the corporate tax rates in the countries in which Loomis has significant business operations.
B5: Discount Rate | D5: 0.0557 | E5: Calculated using WACC
B6: Perpetural Growth Rate | D6: 0.02 | E6: Conservative; aligns with long-term inflation + modest cash usage decline. Avoid >3% (overly optimistic).
B7: EV/EBITDA Mulltiple | D7: 5 | E7: 5,00x From Comparables Analysis
B8: Transaction Date | D8: 45793 | E8: Data Extraction Date
B9: Fiscal Year End | D9: 45657 | E9: Latest Reported Annual Fiscal Year End
B10: Current Price [EUR] | D10: 33.664 | E10: CapIQ Close Price 16 Mar 2025
B11: Shares Outstanding [tEUR] | D11: 68485.35 | L11: Ranges for Football Field | N11: EUR | O11: SEK
B12: ST Borrowings [tEUR Mar 31] | D12: 590727.14 | L12: High [DCF intrinsic] | N12: =N39 -> 51.903767 | O12: =N12/0.09162 -> 566.51132
B13: LT Debt [tEUR Mar 31] | D13: 630176.55 | L13: Market Price | N13: =I38 -> 33.664 | O13: =N13/0.09162 -> 367.43069
B14: Debt [tEUR Mar 31] | D14: 1220903.7 | L14: Low [25%] | N14: =N13*(1-N15) -> 25.248 | O14: =N14/0.09162 -> 275.57302
B15: Cash [tEUR Mar 31] | D15: 766221.68 | L15: Margin of safety | N15: 0.25 | O15: 0.25
B16: Capex | D16: 145399.84 | E16: 5–7% of Revenue
B18: Discounted Cash Flow | D18: Entry | E18: =YEAR(E19) -> 2025 | F18: =YEAR(F19) -> 2026 | G18: =YEAR(G19) -> 2027 | H18: =YEAR(H19) -> 2028 | I18: =YEAR(I19) -> 2029 | J18: Exit | L18: Terminal Value
B19: Date | D19: =D8 -> 45793 | E19: =DATE(YEAR($D$9)+E20,12,31) -> 46022 | F19: =DATE(YEAR($D$9)+F20,12,31) -> 46387 | G19: =DATE(YEAR($D$9)+G20,12,31) -> 46752 | H19: =DATE(YEAR($D$9)+H20,12,31) -> 47118 | I19: =DATE(YEAR($D$9)+I20,12,31) -> 47483 | J19: =I19 -> 47483 | L19: Perpetural Growth | N19: =(I27*(1+D6))/(D5-D6) -> 5918516.1
B20: Time Periods | E20: 1 | F20: =E20+1 -> 2 | G20: =F20+1 -> 3 | H20: =G20+1 -> 4 | I20: =H20+1 -> 5 | L20: EV/EBITDA | N20: =D7*(I22+I24) -> 2450968.3
B21: Year Fraction | E21: =YEARFRAC(D19,E19) -> 0.625 | F21: =YEARFRAC(E19,F19) -> 1 | G21: =YEARFRAC(F19,G19) -> 1 | H21: =YEARFRAC(G19,H19) -> 1 | I21: =YEARFRAC(H19,I19) -> 1 | L21: Average | N21: =AVERAGE(N19:N20) -> 4184742.2
B22: EBIT [tEUR] | E22: =Forecasts!C5 -> 348130.37 | F22: =Forecasts!D5 -> 378643.02 | G22: =Forecasts!E5 -> 411572.28 | H22: =Forecasts!F5 -> 447098.82 | I22: =Forecasts!G5 -> 485416.3
B23: Less: Cash Taxes | E23: =E22*$D$4 -> 81810.637 | F23: =F22*$D$4 -> 88981.109 | G23: =G22*$D$4 -> 96719.486 | H23: =H22*$D$4 -> 105068.22 | I23: =I22*$D$4 -> 114072.83
B24: Plus: D&A | E24: =Forecasts!G14 -> 113506.37 | F24: =Forecasts!H14 -> 51411.706 | G24: =Forecasts!I14 -> 23286.479 | H24: =Forecasts!J14 -> 10547.405 | I24: =Forecasts!K14 -> 4777.354
B25: Less: Capex | E25: =$D$16 -> 145399.84 | F25: =$D$16 -> 145399.84 | G25: =$D$16 -> 145399.84 | H25: =$D$16 -> 145399.84 | I25: =$D$16 -> 145399.84
B26: Less: Changes in NWC | E26: =Forecasts!G34 -> 18667.861 | F26: =Forecasts!H34 -> 19788.35 | G26: =Forecasts!I34 -> 20976.585 | H26: =Forecasts!J34 -> 22236.66 | I26: =Forecasts!K34 -> 23572.917
B27: Unlevered FCF | E27: =E22-E23+E24-E25-E26 -> 215758.4 | F27: =F22-F23+F24-F25-F26 -> 175885.42 | G27: =G22-G23+G24-G25-G26 -> 171762.85 | H27: =H22-H23+H24-H25-H26 -> 184941.5 | I27: =I22-I23+I24-I25-I26 -> 207148.06
B28: (Entry)/Exit | D28: =-I36 -> -2129996.3 | J28: =N21 -> 4184742.2
B29: Transaction CF | D29: 0 | E29: =(E28+E27)*E21 -> 134849 | F29: =(F28+F27)*F21 -> 175885.42 | G29: =(G28+G27)*G21 -> 171762.85 | H29: =(H28+H27)*H21 -> 184941.5 | I29: =(I28+I27)*I21 -> 207148.06 | J29: =J28+J27 -> 4184742.2
B30: Transaction CF | D30: =D28+D27 -> -2129996.3 | E30: =(E28+E27)*E21 -> 134849 | F30: =(F28+F27)*F21 -> 175885.42 | G30: =(G28+G27)*G21 -> 171762.85 | H30: =(H28+H27)*H21 -> 184941.5 | I30: =(I28+I27)*I21 -> 207148.06 | J30: =J28 -> 4184742.2
B32: Intrinsic Value | G32: Market Value | L32: Rate of Return
B33: Enterprise Value | D33: =XNPV(D5,D29:J29,D19:J19) -> 4009329.6 | G33: Market Cap | I33: =D11*D10 -> 2305490.8 | L33: Target Price Upside | N33: =D38/I38-1 -> 0.54181817
B34: Plus: Cash | D34: =+D15 -> 766221.68 | G34: Plus: Debt | I34: =D12 -> 590727.14 | L34: Internal Rate of Return (IRR) | N34: =XIRR(D30:J30,D19:J19) -> 0.22788996
B35: Less: Debt | D35: =+D14 -> 1220903.7 | G35: Less: Cash | I35: =+D15 -> 766221.68
B36: Equity Value | D36: =D33+D34-D35 -> 3554647.6 | G36: Enterprise Value | I36: =I33+I34-I35 -> 2129996.3 | L36: Market Value vs Intrinsic Value
L37: Market Value | N37: =I38 -> 33.664
B38: Equity Value/Share | D38: =D36/D11 -> 51.903767 | G38: Equity Value/Share | I38: =D10 -> 33.664 | L38: Upside | N38: =D38-I38 -> 18.239767
L39: Intrinsic Value | N39: =SUM(N37:N38) -> 51.903767
